 Dungeon Crawl Stone Soup version 0.31.0-11-ge490571c62 (webtiles) character file.

Game seed: 3966633955471673706

415 mopl the Ruffian (level 6, -7/41 HPs)
             Began as an Octopode Shapeshifter on Jan 30, 2024.
             Mangled by an ogre
             ... wielding a +0 giant club
              (31 damage)
             ... on level 4 of the Dungeon.
             The game lasted 00:03:03 (2721 turns).

mopl the Ruffian (Octopode Shapeshifter)            Turns: 2721, Time: 00:03:05

Health: -7/41      AC:  1    Str: 14    XL:     6   Next: 92%
Magic:  6/6        EV: 14    Int: 12    God:
Gold:   130        SH:  0    Dex: 13    Spells: 5/5 levels left

rFire   . .          .
                       - Unarmed
rCold   . . .        (no shield)
rNeg    . . .        (helmet currently unavailable)
rPois   .            (no amulet)
rElec   .            (no ring)
rCorr   .            (no ring)
SInv    .            (no ring)
Will    .....        (no ring)
Stlth   ++           (no ring)
HPRegen 0.26/turn    (no ring)
MPRegen 0.10/turn    (no ring)
                     (no ring)

%: no passive effects
@: beast-form
A: beast (slay +2), almost no armour, amphibious, 8 rings, camouflage 1,
gelatinous body 1, (nimble swimmer 1), tentacles
a: Begin Untransformation


You were on level 4 of the Dungeon.
You were a hulking beast.
You visited 2 branches of the dungeon, and saw 5 of its levels.

You collected 130 gold pieces.

Inventory:

Hand Weapons
 p - the +4 hammer "Rahetia" {freeze, rC+ Will+}
   (You found it on level 3 of the Dungeon)

   rC+:       It protects you from cold.
   Will+:     It increases your willpower.
Missiles
 j - 3 boomerangs (quivered)
 r - 2 javelins
Jewellery
 h - a ring of flight
Talismans
 b - a beast talisman
 c - a flux talisman
Wands
 q - a wand of charming (7)
Scrolls
 e - a scroll of noise {unknown}
 f - 2 scrolls of revelation {unknown}
 g - a scroll of immolation {unknown}
 i - 2 scrolls of amnesia {unknown}
 m - 3 scrolls of identify {unknown}
Potions
 a - a potion of lignification
 d - a potion of might {unknown}
 k - a potion of mutation {unknown}
 l - 3 potions of curing {unknown}
 n - a potion of berserk rage {unknown}
 o - a potion of heal wounds {unknown}


   Skills:
 + Level 2.7 Fighting
 + Level 3.3 Dodging
 * Level 5.0 Unarmed Combat
 * Level 4.7 Shapeshifting


You had 5 spell levels left.
You didn't know any spells.
Your spell library contained the following spells:

 Spells                   Type           Power      Damage    Failure   Level
 Sting                    Conj/Alch      0%         1d3       32%         1
 Mercury Vapours          Alch/Air       0%         N/A       45%         2
 Olgreb's Toxic Radiance  Alch           0%         N/A       97%         4


Dungeon Overview and Level Annotations

Branches:
Dungeon (4/15)             Temple (1/1) D:4

Altars:
Cheibriados
Elyvilon
Fedhas
Gozag
Kikubaaqudgha
Makhleb
Nemelex Xobeh
Okawaru
Ru
Sif Muna
Trog
Vehumet
Wu Jian
Xom
Yredelemnul
Zin


Innate Abilities, Weirdness & Mutations

You are a hulking beast.
Your limbs bulge with bestial killing power. (Slay +2)
You cannot wear most types of armour.
You are amphibious.
You can wear up to eight rings at the same time.
Your skin changes colour to match your surroundings (Stealth+).
Your rubbery body absorbs attacks. (AC +1, EV +1)
((You are camouflaged when in or above water. (Stealth+)))
You have tentacles for arms and can constrict up to eight enemies at once.


Message History

There is a transporter here.
You enter the transporter and appear at another place.
There is a transporter here.
You enter the transporter and appear at another place.
What level of the Dungeon? (default 4, ? - help)
There is a staircase back to the Dungeon here.
You climb upwards.
Welcome back to the Dungeon!
There is a staircase to the Ecumenical Temple here.
There is a fountain of clear blue water here.
r - 2 javelins
f - 2 scrolls labelled DAZIBBODIVU (gained 1)
Found a ring mail.
No target in view!
You see here a +0 ring mail.
Found a stone staircase leading down.
Okay, then.
There is a stone staircase leading down here.
A giant cockroach comes into view.
A giant cockroach is nearby!
You tentacle-slap the giant cockroach. You grab the giant cockroach.
You squeeze the giant cockroach.
You kill the giant cockroach!
No target in view!
An ogre comes into view. It is wielding a +0 giant club.
The ogre shouts!
An ogre is nearby!
You throw a boomerang.
The boomerang hits the ogre but does no damage.
You throw a boomerang. The boomerang hits the ogre.
The ogre is lightly wounded.
You tentacle-slap the ogre. Your squeeze misses the ogre.
The ogre is lightly wounded.
The ogre hits you with a +0 giant club!
You barely miss the ogre. You squeeze the ogre!
The ogre is heavily wounded.
You bludgeon the ogre!
The ogre is almost dead.
The ogre hits you with a +0 giant club!!
Ouch! That really hurt!
You die...

... #.####..... ..# ###
#...>...### #.# #.. #..###..#
#.# #.# # #..# #..# #.# #.#
#.##..# #..# #.# #.###.##..#
#..### #.# #.<.......# #.....
#####.###.#.###...###.####
#........hO........[..#
#.###.......###...########
#######.###.###...#.##.####.....
..........#.# #.................
#######.#.#>###...#.##.####.###.
#...........####.# #.###.
###.....##.## #.####.#...
#####.# .# #.........† #..#
######.#^##


You could see an ogre.

Vanquished Creatures
  Sigmund (D:3)
  A phantom (D:4)
  A jelly (D:3)
  Jessica (D:2)
  Crazy Yiuf (D:3)
  3 adders
  3 dart slugs
  A ribbon worm (D:3)
  5 orcs (D:3)
  6 bats
  8 endoplasms
  5 giant cockroaches
  6 goblins
  3 hobgoblins
  4 kobolds
  2 quokkas
  8 ball pythons
  A frilled lizard (D:3)
  7 rats
67 creatures vanquished.

Notes
Turn   | Place    | Note
-------+----------+-------------------------------------------
     0 | D:1      | mopl the Octopode Shapeshifter began the quest for the Orb.
     0 | D:1      | Reached XP level 1. HP: 13/13 MP: 1/1
    93 | D:1      | Reached XP level 2. HP: 18/18 MP: 2/2
   324 | D:1      | Reached XP level 3. HP: 23/23 MP: 3/3
   734 | D:2      | Found a faded altar of an unknown god.
   788 | D:2      | Noticed Jessica
   793 | D:2      | Killed Jessica
   842 | D:2      | Reached XP level 4. HP: 28/28 MP: 4/4
  1077 | D:2      | Found a blossoming altar of Fedhas.
  1596 | D:3      | Reached skill level 4 in Unarmed Combat
  1688 | D:3      | Reached XP level 5. HP: 32/34 MP: 5/5
  1729 | D:3      | Found an opulent altar of Gozag.
  1825 | D:3      | Noticed Sigmund
  1833 | D:3      | Killed Sigmund
  1834 | D:3      | Reached XP level 6. HP: 33/41 MP: 6/6
  1998 | D:3      | Identified the +4 hammer "Rahetia" {freeze, rC+ Will+}
  2007 | D:3      | Found a runed translucent door.
  2008 | D:3      | Noticed Crazy Yiuf
  2015 | D:3      | Killed Crazy Yiuf
  2535 | D:4      | Identified the +1 ring mail of Wariness {+Blink Fly}
  2567 | D:4      | Found a staircase to the Ecumenical Temple.
  2580 | Temple   | Found a transporter.
  2580 | Temple   | Found a transporter.
  2580 | Temple   | Found a transporter.
  2580 | Temple   | Found a transporter.
  2580 | Temple   | Entered the Ecumenical Temple
  2607 | D:4      | Reached skill level 5 in Unarmed Combat
  2721 | D:4      | Mangled by an ogre

Illustrated notes

Levels and vault maps discovered:
D:1:      kennysheep_arrival_seaside, layout_rooms, hangedman_decor_points
D:2:      layout_basic, shapermc_ecumenical_altar_gd, basic_altar, uniq_jessica
D:3:      layout_basic, mainiacjoe_overflow_concentric_impassable, st_stairs_5,
          minmay_tree_intersection, uniq_sigmund, uniq_crazy_yiuf_cottage
D:4:      layout_loops_ring, gammafunk_temple_overflow_forgotten,
          minmay_temple_entry_statues_fountains
Temple:   hellmonk_temple_divided_pantheon

Skill      XL: |  1  2  3  4  5  6 |
---------------+-------------------+-----
Unarmed Combat | 4 5 |  5.0
Fighting       | 2 |  2.7
Dodging        | 3 |  3.3
Shapeshifting  | 4 |  4.7

Action                     |  1- 3 |  4- 6 || total
---------------------------+-------+-------++-------
  Melee: Unarmed           |    50 |    84 ||   134
         Constrict         |     8 |    19 ||    27
         Punch             |     3 |     1 ||     4
         Tentacles         |     6 |    16 ||    22
  Throw: Boomerang         |       |     2 ||     2
   Stab: Sleeping          |     8 |     6 ||    14
 Armour: Skin              |    12 |    29 ||    41
  Dodge: Dodged            |    19 |    50 ||    69
